Warning! The script has encountered some errors when parsing the replay. Please report them to the . » details
0x00, prev: 0x16: 16 02 0B 00 BB 80 00 00 B7 F8 00 00 D0 2F 00 00 95 18 06 00 8F 84 00 00 B8 18 06 00 20 8D 00 00 27 AB 06 00 55 8D 00 00 0E DD 06 00 04 95 00 00 FE FC 06 00 E6 9E 00 00 CB 91 05 00 F2 9E 00 00 A8 91 05 00 A1 A0 00 00 49 73 06 00 B9 A3 00 00 F5 D2 05 00 41 A4 00 00 18 D3 05 00 [00] 00 00 00 00 00 00 00 00 00 00 00 00 00 00 00 00 00 00 00 00 00 00 00 08 00 06 0D 00 68 71 42 E8 45 4C 0D E8 44 00 00 A0 40
0x00, prev: 0x00: 16 02 0B 00 BB 80 00 00 B7 F8 00 00 D0 2F 00 00 95 18 06 00 8F 84 00 00 B8 18 06 00 20 8D 00 00 27 AB 06 00 55 8D 00 00 0E DD 06 00 04 95 00 00 FE FC 06 00 E6 9E 00 00 CB 91 05 00 F2 9E 00 00 A8 91 05 00 A1 A0 00 00 49 73 06 00 B9 A3 00 00 F5 D2 05 00 41 A4 00 00 18 D3 05 00 00 00 00 00 00 00 00 00 00 00 00 00 00 00 00 00 00 00 00 00 00 00 [00] 00 08 00 06 0D 00 68 71 42 E8 45 4C 0D E8 44 00 00 A0 40
0x00, prev: 0x01: 16 02 01 00 23 9C 00 00 8B 96 07 00 00 00 00 00 00 00 00 00 00 00 00 00 00 00 00 00 00 00 00 00 00 00 00 00 01 [00] 01 17 00 11 04 00 6C 6F 74 65 FF FF FF FF FF FF FF FF 00 00 8A 45 00 00 80 45 04 11 00 18 00 03 1A 19 61 65 64 55 D4 7E 00 00 A6 30 01 00
0x08, prev: 0x00: 16 02 0B 00 BB 80 00 00 B7 F8 00 00 D0 2F 00 00 95 18 06 00 8F 84 00 00 B8 18 06 00 20 8D 00 00 27 AB 06 00 55 8D 00 00 0E DD 06 00 04 95 00 00 FE FC 06 00 E6 9E 00 00 CB 91 05 00 F2 9E 00 00 A8 91 05 00 A1 A0 00 00 49 73 06 00 B9 A3 00 00 F5 D2 05 00 41 A4 00 00 18 D3 05 00 00 00 00 00 00 00 00 00 00 00 00 00 00 00 00 00 00 00 00 00 00 00 00 00 [08] 00 06 0D 00 68 71 42 E8 45 4C 0D E8 44 00 00 A0 40
General information
- name: BNet
- type: Ladder team game (AT/RT)
- host: Battle.net
- saver: brucewillisusa
map: UpperKingdom
- players: 6
- length: 26:33
- speed: Fast
- version: 1.23 W3XP
- replay type: Public
» download(173 KB)
Players
team 1 (loser)
micronoob (
pink | 164 APM | 3140 actions | 19:10)
4 Priestess of the Moon
2 Trueshot Aura
2 Scout
» actions
| Assign group hotkey | 54 | |
| Basic commands | 110 | |
| Build / train | 62 | |
| ESC pressed | 3 | |
| Enter build submenu | 26 | |
| Enter hero's abilities submenu | 5 | |
| Right click | 1304 | |
| Select / deselect | 273 | |
| Select group hotkey | 1240 | |
| Use ability | 63 | |
3140 total
» units
| Wisp | 23 | |
| Archer | 10 | |
| Glaive Thrower | 2 | |
| Druid of the Talon | 3 | |
| Hippogryph | 3 | |
| Chimaera | 2 | |
43 total
» upgrades
| Improved Bows | 2 | |
| Druid of the Talon Training | 2 | |
| Strength of the Wild | 3 | |
| Strength of the Moon | 1 | |
8 total
» buildings
| Altar of Elders | 1 | |
| Moon Well | 7 | |
| Ancient of War | 3 | |
| Tree of Ages | 2 | |
| Hunter's Hall | 1 | |
| Ancient of Wind | 2 | |
| Tree of Eternity | 2 | |
| Chimaera Roost | 2 | |
| Ancient of Wonders | 1 | |
| Tree of Life | 1 | |
22 total
» build order
00:11 Altar of Elders
00:20 Moon Well
00:32 Ancient of War
01:42 Moon Well
02:48 Tree of Ages
02:49 Tree of Ages
03:22 Hunter's Hall
05:54 Ancient of War
05:56 Moon Well
08:36 Ancient of Wind
09:20 Ancient of Wind
10:47 Moon Well
11:40 Moon Well
12:40 Tree of Eternity
13:14 Moon Well
14:04 Moon Well
15:11 Chimaera Roost
15:24 Chimaera Roost
17:41 Ancient of Wonders
19:10 Ancient of War
x-DecadencE-x (
orange | 73 APM | 1404 actions | 19:10)
5 Demon Hunter
2 Immolation
3 Evasion
» actions
| Assign group hotkey | 21 | |
| Basic commands | 246 | |
| Build / train | 56 | |
| Enter build submenu | 16 | |
| Enter hero's abilities submenu | 5 | |
| Give item / drop item | 4 | |
| Remove unit from queue | 2 | |
| Right click | 505 | |
| Select / deselect | 256 | |
| Select group hotkey | 237 | |
| Use ability | 56 | |
1404 total
» units
| Wisp | 17 | |
| Archer | 4 | |
| Huntress | 3 | |
| Druid of the Claw | 6 | |
| Glaive Thrower | 5 | |
| Dryad | 1 | |
36 total
» upgrades
| Reinforced Hides | 3 | |
| Druid of the Claw Training | 2 | |
| Mark of the Claw | 1 | |
| Vorpal Blades | 1 | |
7 total
» buildings
| Altar of Elders | 1 | |
| Moon Well | 5 | |
| Ancient of War | 1 | |
| Hunter's Hall | 1 | |
| Tree of Ages | 2 | |
| Ancient Protector | 1 | |
| Ancient of Lore | 2 | |
| Tree of Life | 1 | |
| Tree of Eternity | 2 | |
16 total
» build order
00:12 Altar of Elders
00:14 Moon Well
00:20 Ancient of War
01:52 Hunter's Hall
02:26 Moon Well
03:30 Tree of Ages
03:34 Moon Well
04:18 Ancient Protector
05:59 Moon Well
06:12 Ancient of Lore
06:17 Ancient of Lore
06:35 Moon Well
08:33 Tree of Life
09:25 Tree of Eternity
09:25 Tree of Eternity
18:56 Tree of Ages
ArchPaladin (
blue | 76 APM | 1464 actions | 19:10)
4 Archmage
1 Blizzard
2 Summon Water Elemental
1 Brilliance Aura
» actions
| Assign group hotkey | 36 | |
| Build / train | 82 | |
| Enter build submenu | 37 | |
| Enter hero's abilities submenu | 5 | |
| Remove unit from queue | 2 | |
| Right click | 759 | |
| Select / deselect | 270 | |
| Select group hotkey | 221 | |
| Use ability | 52 | |
1464 total
» units
| Peasant | 47 | |
| Rifleman | 10 | |
| Mortar Team | 3 | |
| Dragonhawk Rider | 6 | |
| Wisp | 2 | |
68 total
» upgrades
| Gunpowder | 1 | |
| Armor | 1 | |
| Long Rifles | 1 | |
| Lumber Harvesting | 1 | |
4 total
» buildings
| Altar of Kings | 1 | |
| Farm | 10 | |
| Blacksmith | 1 | |
| Barracks | 2 | |
| Scout Tower | 2 | |
| Lumber Mill | 1 | |
| Arcane Tower | 0 | |
| Keep | 2 | |
| Town Hall | 3 | |
| Workshop | 1 | |
| Gryphon Aviary | 1 | |
| Arcane Vault | 2 | |
26 total
» build order
00:11 Altar of Kings
00:22 Farm
00:43 Blacksmith
01:24 Barracks
01:32 Farm
01:49 Scout Tower
02:08 Farm
02:16 Lumber Mill
02:29 Arcane Tower
04:08 Scout Tower
04:10 Farm
04:28 Farm
04:52 Arcane Tower
05:20 Keep
06:51 Town Hall
17:15 Workshop
18:59 Gryphon Aviary
19:10 Farm
» items
team 2 (winner)

»
brucewillisusa (
teal | 92 APM | 1772 actions | 19:10)
6 Archmage
3 Blizzard
2 Brilliance Aura
1 Mass Teleport
» actions
| Assign group hotkey | 45 | |
| Basic commands | 101 | |
| Build / train | 95 | |
| ESC pressed | 1 | |
| Enter build submenu | 44 | |
| Enter hero's abilities submenu | 6 | |
| Right click | 664 | |
| Select / deselect | 239 | |
| Select group hotkey | 381 | |
| Use ability | 196 | |
1772 total
» units
| Peasant | 24 | |
| Mortar Team | 6 | |
| Sorceress | 4 | |
34 total
» upgrades
| Masonry | 3 | |
| Lumber Harvesting | 2 | |
| Sorceress Training | 2 | |
| Gunpowder | 3 | |
| Fragmentation Shards | 1 | |
| Magic Sentry | 1 | |
| Flare | 1 | |
| Flak Cannons | 1 | |
| Armor | 1 | |
15 total
» buildings
| Altar of Kings | 1 | |
| Farm | 18 | |
| Lumber Mill | 1 | |
| Scout Tower | 32 | |
| Arcane Tower | 2 | |
| Guard Tower | 15 | |
| Keep | 1 | |
| Blacksmith | 1 | |
| Town Hall | 2 | |
| Castle | 1 | |
| Arcane Vault | 1 | |
| Workshop | 2 | |
| Arcane Sanctum | 1 | |
| Gryphon Aviary | 1 | |
79 total
» build order
00:21 Altar of Kings
00:35 Farm
00:36 Farm
00:51 Lumber Mill
01:23 Scout Tower
01:27 Farm
01:34 Scout Tower
01:36 Scout Tower
01:59 Farm
02:07 Farm
02:10 Arcane Tower
02:27 Guard Tower
02:32 Guard Tower
02:41 Scout Tower
03:14 Scout Tower
03:15 Scout Tower
03:17 Guard Tower
03:42 Keep
03:44 Guard Tower
03:49 Blacksmith
03:53 Scout Tower
03:53 Scout Tower
04:37 Guard Tower
06:16 Town Hall
06:23 Scout Tower
06:25 Scout Tower
06:25 Scout Tower
06:26 Scout Tower
06:27 Scout Tower
06:27 Scout Tower
06:28 Scout Tower
06:29 Scout Tower
08:02 Castle
08:19 Arcane Tower
08:21 Guard Tower
08:52 Guard Tower
09:06 Guard Tower
10:01 Arcane Vault
10:11 Workshop
10:13 Arcane Sanctum
10:17 Workshop
10:22 Guard Tower
10:24 Farm
10:25 Farm
10:28 Farm
10:53 Scout Tower
10:54 Scout Tower
10:55 Scout Tower
10:56 Scout Tower
10:56 Scout Tower
10:57 Scout Tower
11:38 Guard Tower
12:18 Guard Tower
13:21 Guard Tower
14:37 Farm
14:37 Farm
15:00 Scout Tower
15:02 Scout Tower
16:23 Guard Tower
16:48 Scout Tower
16:49 Scout Tower
16:50 Scout Tower
16:50 Scout Tower
16:54 Scout Tower
16:54 Scout Tower
16:55 Scout Tower
16:56 Scout Tower
17:08 Farm
17:09 Farm
17:09 Farm
17:11 Farm
17:14 Farm
17:15 Farm
17:15 Farm
17:19 Guard Tower
19:10 Gryphon Aviary
» items
| Scroll of Regeneration | 3 | |
| Potion of Healing | 3 | |
| Lesser Clarity Potion | 1 | |
| Potion of Mana | 2 | |
| Scroll of Town Portal | 6 | |
| Ivory Tower | 5 | |
20 total

»
SweatyNutZ (
yellow | 97 APM | 1860 actions | 19:10)
6 Death Knight
3 Death Coil
2 Unholy Aura
1 Animate Dead
2 Lich
1 Frost Nova
1 Dark Ritual
» actions
| Assign group hotkey | 20 | |
| Basic commands | 58 | |
| Build / train | 71 | |
| Enter build submenu | 25 | |
| Enter hero's abilities submenu | 11 | |
| Give item / drop item | 4 | |
| Right click | 702 | |
| Select / deselect | 219 | |
| Select group hotkey | 688 | |
| Use ability | 62 | |
1860 total
» units
| Acolyte | 14 | |
| Ghoul | 3 | |
| Crypt Fiend | 8 | |
| Frost Wyrm | 9 | |
34 total
» upgrades
| Creature Attack | 2 | |
| Creature Carapace | 2 | |
| Freezing Breath | 1 | |
| Web | 1 | |
6 total
» buildings
| Crypt | 1 | |
| Ziggurat | 14 | |
| Altar of Darkness | 1 | |
| Graveyard | 1 | |
| Tomb of Relics | 1 | |
| Nerubian Tower | 4 | |
| Spirit Tower | 9 | |
| Halls of the Dead | 1 | |
| Black Citadel | 1 | |
| Sacrificial Pit | 1 | |
| Boneyard | 2 | |
36 total
» build order
00:32 Crypt
00:41 Ziggurat
00:52 Altar of Darkness
01:13 Graveyard
01:34 Ziggurat
02:10 Tomb of Relics
02:22 Nerubian Tower
03:02 Spirit Tower
04:18 Halls of the Dead
04:51 Ziggurat
06:44 Black Citadel
06:57 Spirit Tower
07:08 Ziggurat
07:18 Ziggurat
08:10 Nerubian Tower
08:47 Sacrificial Pit
09:46 Spirit Tower
10:09 Boneyard
12:05 Boneyard
12:40 Ziggurat
13:07 Ziggurat
13:10 Ziggurat
13:13 Ziggurat
13:16 Ziggurat
13:20 Ziggurat
14:01 Spirit Tower
14:03 Spirit Tower
14:06 Spirit Tower
14:10 Spirit Tower
14:12 Nerubian Tower
14:53 Ziggurat
17:56 Spirit Tower
19:10 Nerubian Tower
» items
| Rod of Necromancy | 2 | |
| Scroll of Town Portal | 1 | |
3 total
fevaflave (
green | 98 APM | 1873 actions | 19:10)
4 Far Seer
2 Feral Spirit
2 Chain Lighting
» actions
| Assign group hotkey | 30 | |
| Basic commands | 44 | |
| Build / train | 38 | |
| Enter build submenu | 14 | |
| Enter hero's abilities submenu | 4 | |
| Right click | 1090 | |
| Select / deselect | 232 | |
| Select group hotkey | 338 | |
| Use ability | 83 | |
1873 total
» units
» upgrades
» buildings
| Altar of Storms | 1 | |
| Orc Burrow | 5 | |
| Barracks | 2 | |
| Voodoo Lounge | 1 | |
| Stronghold | 1 | |
| War Mill | 1 | |
| Beastiary | 3 | |
14 total
» build order
00:05 Altar of Storms
00:19 Orc Burrow
00:34 Barracks
01:28 Orc Burrow
01:50 Voodoo Lounge
03:23 Barracks
04:08 Orc Burrow
05:41 Stronghold
06:37 Orc Burrow
07:04 War Mill
08:42 Beastiary
08:48 Beastiary
08:53 Beastiary
12:05 Orc Burrow
» items
| Healing Salve | 3 | |
| Lesser Clarity Potion | 1 | |
| Potion of Healing | 1 | |
5 total
Chat log
(00:17 / Allies) brucewillisusa: TOWERING UP THEN GOING INVIS MORTS
(00:24 / Allies) fevaflave: me too
(00:30 / Allies) brucewillisusa: UR ORC
(00:40 / Allies) brucewillisusa: GONNA GET A LEVEL 6 DARK RANGEr?
(00:46 / Allies) brucewillisusa: AHAUAHUAHUAHAUHAHUAUAA
(00:57 / Allies) brucewillisusa: ^^
(01:00 / Allies) SweatyNutZ: guess ill tower too
(01:08 / Allies) brucewillisusa: K
(01:12 / Allies) brucewillisusa: EVERYON get hit and run armies
(01:16 / Allies) brucewillisusa: like bat or raide ro rw /e
(01:17 / Allies) fevaflave: oh werd?
(01:19 / Allies) brucewillisusa: and we will jsut PROTO THEM
(03:26 / Allies) brucewillisusa: careful
(03:45 / Allies) brucewillisusa: bad job
(04:48 / Allies) brucewillisusa: everyone is responsible for defend thier own base
(04:52 / Allies) brucewillisusa: thats the way pros play rt
(04:54 / Allies) brucewillisusa: at
(04:55 / Allies) brucewillisusa: i mean
(05:17 / Allies) brucewillisusa: creepign that now
(06:51 / Allies) brucewillisusa: they will shit on u guys when they hit
(06:53 / Allies) brucewillisusa: :s
(07:36 / Allies) SweatyNutZ: k
(07:41 / Allies) fevaflave: nvm
(09:51 / Allies) brucewillisusa: u siad you would tower
(09:51 / Allies) brucewillisusa: retard
(09:54 / Allies) brucewillisusa: intead you have 1600 gold
(09:55 / Allies) brucewillisusa: lol
(10:49 / Allies) brucewillisusa: do u actually know waht a tower is?
(12:24 / Allies) SweatyNutZ: abandoin
(12:43 / Allies) brucewillisusa: mass twoer in unddead
(12:46 / Allies) brucewillisusa: masst tower means
(12:49 / Allies) brucewillisusa: over 8
(12:51 / Allies) brucewillisusa: not less than 2
(15:25 / All) ArchPaladin: LOL
(15:35 / All) brucewillisusa: yep its 2v4
(17:28 / Allies) brucewillisusa: kill it
(17:30 / Allies) brucewillisusa: hes kililng ur guys
(18:59 / Allies) SweatyNutZ: i c
(19:10 / All) brucewillisusa: playing with balls is what?